 Dungeon Crawl Stone Soup version 0.22.1-1-ga44c0e5 (webtiles) character file.

24235 Irenicus the Severer (level 12, -5/148 HPs)
             Began as a Deep Dwarf Earth Elementalist on Sept 29, 2018.
             Was an Elder of Makhleb.
             Slain by a minotaur
             ... wielding a +3 broad axe of venom
              (9 damage)
             ... in a labyrinth.
             The game lasted 01:18:25 (7484 turns).

Irenicus the Severer (DDEE)                         Turns: 7484, Time: 01:18:25

Health: -5/148     AC: 11    Str: 18    XL:     12   Next: 78%
Magic:  31/31      EV: 19    Int: 20    God:    Makhleb [****..]
Gold:   307        SH:  5    Dex: 18    Spells: 8/25 levels left

rFire    + + .     SeeInvis .   l - +3 war axe (vamp) {!w}
rCold    + . .     Gourm    .   N - +0 buckler
rNeg     . . .     Faith    .   K - +0 steam dragon scales
rPois    .         Spirit   .   c - +0 hat
rElec    .         Reflect  .   g - scarf {rC+ rF+}
rCorr    .         Harm     .   i - +2 pair of gloves
MR       +....                  h - +2 pair of boots
Stlth    ..........             q - amulet of rage {+Rage, !d}
HPRegen  0.00/turn              m - ring of magical power {MP+9}
MPRegen  0.22/turn              e - ring of protection from fire {rF+, !d}

@: agile, berserking, lethally poisoned (-5 -> -22), starving, non-regenerating,
very quick
A: damage resistance, heal wounds, sense surroundings 2, no regeneration
a: Heal Wounds, Minor Destruction, Lesser Servant of Makhleb, Major Destruction,
Renounce Religion, Evoke Berserk Rage


You were in a labyrinth.
You worshipped Makhleb.
Makhleb was greatly pleased with you.
You were starving.

You visited 2 branches of the dungeon, and saw 13 of its levels.
You also visited: Labyrinth and Sewer.

You collected 757 gold pieces.
You spent 450 gold pieces at shops.

Inventory:

Hand Weapons
 l - a +3 vampiric war axe (weapon) {!w}
   (You took it off an orc priest on level 4 of the Dungeon)
 n - a +2 short sword of venom
   (You found it on level 2 of the Dungeon)
Missiles
 a - a throwing net {=f, !d}
 o - 523 stones (quivered)
Armour
 c - a +0 hat (worn)
   (You found it on level 5 of the Dungeon)
 g - a scarf of resistance (worn)
   (You found it on level 1 of the Dungeon)
 h - a +2 pair of boots (worn)
   (You found it on level 1 of the Dungeon)
 i - a +2 pair of gloves (worn)
   (You found it on level 5 of the Dungeon)
 K - +0 steam dragon scales (worn)
   (You found it on level 10 of the Dungeon)
 N - a +0 buckler (worn)
   (You took it off a tengu conjurer on level 11 of the Dungeon)
 O - a +2 pair of gloves
   (You found it on level 1 of the Lair of Beasts)
Magical Staves
 H - an uncursed staff of death {unknown}
   (You found it on level 9 of the Dungeon)
Jewellery
 e - a ring of protection from fire (right hand) {rF+, !d}
   (You found it on level 5 of the Dungeon)
 m - a ring of magical power (left hand) {MP+9}
   (You took it off an orc warrior on level 11 of the Dungeon)
 p - an uncursed ring of see invisible {sInv, !d}
   (You found it on level 8 of the Dungeon)
 q - an amulet of rage (around neck) {+Rage, !d}
   (You found it on level 4 of the Dungeon)
 J - an uncursed ring of flight {+Fly, !d}
   (You found it on level 10 of the Dungeon)
 P - an uncursed amulet of the gourmand {Gourm, !d}
   (You found it on level 1 of the Lair of Beasts)
 R - an uncursed ring of resist corrosion
   (You found it on level 2 of the Lair of Beasts)
 S - a +3 ring of intelligence {unknown}
   (You found it on level 2 of the Lair of Beasts)
Wands
 v - a wand of flame (18)
   (You took it off Ijyb on level 3 of the Dungeon)
 w - a wand of digging (12)
   (You took it off Sigmund on level 4 of the Dungeon)
 z - a wand of polymorph (17)
   (You found it on level 8 of the Dungeon)
 D - a wand of paralysis (32)
   (You took it off Maurice on level 9 of the Dungeon)
 F - a wand of iceblast (27)
   (You found it on level 9 of the Dungeon)
 I - a wand of random effects (24)
   (You found it on level 2 of the Lair of Beasts)
Scrolls
 k - 5 scrolls of teleportation
 t - 2 scrolls of magic mapping {!r}
 u - 5 scrolls of remove curse
 y - a scroll of immolation {unknown}
 B - a scroll of identify
 C - a scroll of random uselessness {unknown}
 G - a scroll of holy word {!r}
 L - a scroll of amnesia
Potions
 b - a potion of resistance
 f - 9 potions of curing
 j - 3 potions of lignification {!q}
 r - 2 potions of agility
 s - 3 potions of brilliance
 x - 2 potions of haste
 A - 2 potions of flight
 E - a potion of magic
 M - a potion of degeneration {unknown}
 Q - 2 potions of invisibility
Comestibles
 d - 12 rations


   Skills:
 - Level 4.0 Fighting
 - Level 16.4 Axes
 - Level 3.2 Dodging
 - Level 4.2 Stealth
 - Level 4.2 Shields
 + Level 7.4 Spellcasting
 - Level 4.0 Transmutations
 - Level 11.3 Earth Magic
 - Level 7.0 Evocations


You had 8 spell levels left.
You knew the following spells:

 Your Spells              Type           Power        Failure   Level  Hunger
a - Sandblast             Erth           ######       1%          1    None
b - Passwall              Tmut/Erth      #####...     1%          2    None
c - Stone Arrow           Conj/Erth      ####..       2%          3    #......
d - Petrify               Tmut/Erth      #####...     3%          4    ###....
e - Blink                 Tloc           N/A          14%         2    None
z - Lee's Rapid Deconstr  Erth           ######....   2%          5    #####..

Your spell library contained the following spells:

 Spells                   Type           Power        Failure   Level  Hunger
 Confusing Touch          Hex            #.....       9%          1    None
 Magic Dart               Conj           #...         9%          1    None
 Summon Butterflies       Summ           #.......     9%          1    None
 Call Imp                 Summ           #.......     14%         2    None
 Slow                     Hex            #.......     14%         2    None
 Ignite Poison            Fire/Tmut/Pois ##......     16%         3    #......
 Call Canine Familiar     Summ           #.......     26%         3    #......
 Confuse                  Hex            #.......     26%         3    #......
 Conjure Flame            Conj/Fire      #.......     26%         3    #......
 Gell's Gravitas          Tloc           #.........   26%         3    #......
 Mephitic Cloud           Conj/Pois/Air  #.......     26%         3    #......
 Summon Ice Beast         Ice/Summ       #.......     65%         4    ###....
 Yara's Violent Unravell  Hex/Tmut       ###.......   73%         5    #####..
 Fireball                 Conj/Fire      #.........   94%         5    #####..
 Metabolic Englaciation   Hex/Ice        #.........   94%         5    #####..
 Summon Mana Viper        Hex/Summ       #.......     94%         5    #####..
 Bolt of Fire             Conj/Fire      #.........   100%        6    ######.
 Ring of Flames           Chrm/Fire      #.........   100%        7    #######
 Summon Hydra             Summ           #.........   100%        7    #######
 Ignition                 Fire           #.........   100%        8    #######


Dungeon Overview and Level Annotations

Branches:
Dungeon (11/15)            Temple (0/1) D:7            Lair (2/6) D:8
    Orc (0/2) D:11
  Swamp: Lair:2-4    Shoals: Lair:2-4     Snake: Lair:2-4    Spider: Lair:2-4

Altars:
Fedhas
Hepliaklqana
Kikubaaqudgha
Makhleb
Nemelex Xobeh
Sif Muna
Trog
Vehumet
Xom
Zin

Shops:
D:4 !   D:10 *


Innate Abilities, Weirdness & Mutations

You are resistant to damage.
You can heal yourself by infusing magical energy.
You passively map the area around you.
You do not regenerate.


Message History

You remove your ring of protection from fire {rF+, !d}.
R - a ring of resist corrosion (right hand) Put on which piece of jewellery? (? for menu, Esc to quit)
Okay, then.
Put on which piece of jewellery? (? for menu, Esc to quit)
You're wearing all the rings you can.
Remove which one? (? for menu, Esc to cancel) < or
m - a ring of magical power {MP+9}; > or
R - a ring of resist corrosion You remove your ring of resist corrosion.
e - a ring of protection from fire (right hand) {rF+, !d}
Found a labyrinth entrance.
You see here a moonstone ring.
S - a moonstone ring You hear the frantic ticking of a clock.
There is a labyrinth entrance here.
Beware, the minotaur awaits!
The world spins around you as you enter the gateway.
As you enter the labyrinth, previously moving walls settle noisily into place.
You feel a sudden draft!
MP restored: 31 You are feeling hungry.
You feel a sudden draft!
A minotaur comes into view. It is wielding a broad axe of venom.
The minotaur bellows!
The minotaur throws a javelin of returning.
The javelin of returning hits you!!
The weapon returns to the minotaur!
You take 22 damage, and have 46/99 hp.
MASSIVE DAMAGE!!
Okay, then.
You feel agile all of a sudden.
The minotaur throws a javelin of returning.
The javelin of returning hits you!!
* * * LOW HITPOINT WARNING * * *
The weapon returns to the minotaur!
You take 25 damage, and have 21/99 hp.
MASSIVE DAMAGE!!
Okay, then.
Okay, then.
You feel much better.
You regained 30 hp, and now have 51/99 hp.
Aim: a minotaur, wielding a broad axe of venom, wearing gold dragon scales and
Okay, then.
You fail to use your ability.
The minotaur throws a javelin of returning.
The javelin of returning misses you. The minotaur barely misses you.
The minotaur misses you.
A red film seems to cover your vision as you go berserk!
You feel yourself moving faster!
You feel mighty!
You are near starving!
The minotaur hits you with a broad axe of venom!!
You are poisoned.
The minotaur gores you!
You now have 51/148 hp.
You hit the minotaur but do no damage.
You feel sick.
You take 1 damage, and have 50/148 hp.
You hit the minotaur but do no damage.
You feel sick.
You take 1 damage, and have 49/148 hp.
You hit the minotaur.
You feel sick. You block the minotaur's attack. The minotaur gores you!
* * * LOW HITPOINT WARNING * * *
You take 7 damage, and have 42/148 hp.
You completely miss the minotaur.
The minotaur furiously retaliates!
The minotaur headbutts you, but does no damage.
You feel sick.
You take 1 damage, and have 41/148 hp.
You hit the minotaur. You slash the minotaur!
You feel better.
The minotaur hits you with a broad axe of venom!
* * * LOW HITPOINT WARNING * * *
You are more poisoned.
The minotaur gores you but does no damage.
You regained 3 hp, and now have 44/148 hp.
You completely miss the minotaur.
The minotaur furiously retaliates!
The minotaur headbutts you, but does no damage.
You feel sick.
You take 1 damage, and have 43/148 hp.
You slash the minotaur!
You feel sick. The minotaur misses you. The minotaur gores you.
* * * LOW HITPOINT WARNING * * *
You take 2 damage, and have 41/148 hp.
You hit the minotaur.
You feel better.
You feel sick.
You regained 3 hp, and now have 44/148 hp.
You closely miss the minotaur.
The minotaur furiously retaliates!
The minotaur headbutts you, but does no damage.
You feel sick.
You take 1 damage, and have 43/148 hp.
You hit the minotaur but do no damage.
You feel sick.
The minotaur hits you with a broad axe of venom!
* * * LOW HITPOINT WARNING * * *
You are more poisoned.
You block the minotaur's attack.
You take 15 damage, and have 28/148 hp.
You are starving!
You hit the minotaur.
You feel better.
You feel sick.
You barely miss the minotaur.
You feel sick.
You take 1 damage, and have 27/148 hp.
You barely miss the minotaur.
The minotaur furiously retaliates!
The minotaur headbutts you, but does no damage.
You feel sick.
The minotaur hits you with a broad axe of venom!!
* * * LOW HITPOINT WARNING * * *
The minotaur gores you!
You die...

. . ... ..
. # #
#..##
######..#
# . .....#
.. # # .
## #.#..
## # . .#
# # #.#
.... .. ..
.# #.#..
.#### # #
#.#..# . #
# #.# .###
# #.
.###@# .
.#. # #
#...H.# .
###
#.#######.
.. #... .
. ...#.# #
.. . .
.... #. .
. #. #
.#.#####.#
## .. ..
.# . .. ##
# ## .
....#


You could see a minotaur.

Vanquished Creatures
  Josephine (D:11)
  Harold (D:9)
  A centaur warrior (D:8)
  2 two-headed ogres (D:8)
  Sonja (D:10)
  An unseen horror (D:11)
  Pikel (D:9)
  2 cyclopes (D:11)
  An oklob plant (Lair:1)
  A manticore (D:11)
  An ugly thing (D:11)
  4 elephants (Lair:2)
  A black mamba (Lair:2)
  Joseph (D:8)
  Psyche (D:11)
  Maurice (D:9)
  2 centaur skeletons
  2 spiny frogs (Lair:1)
  2 komodo dragons
  A tengu conjurer (D:11)
  Prince Ribbit (D:5)
  3 trolls
  4 hippogriffs
  Sigmund (D:4)
  5 wraiths (D:11)
  19 yaks
  A steam dragon (D:10)
  3 wargs (D:8)
  An acid dragon (D:8)
  3 water moccasins
  3 porcupines
  Duvessa (D:7)
  2 orc warriors (D:11)
  A slave (D:9)
  2 eyes of draining
  2 ice beasts
  A black bear (D:10)
  A sky beast (D:8)
  3 phantoms
  3 centaurs
  4 necrophages
  5 ogres
  A crocodile (Lair:2)
  3 big kobolds
  9 bullfrogs
  A wyvern zombie (D:11)
  A wyvern skeleton (D:10)
  Dowan (D:7)
  3 scorpions
  3 wights (D:8)
  2 howler monkeys
  4 crimson imps
  2 centaur zombies
  A bullfrog zombie (D:9)
  5 hounds
  6 orc priests
  5 jellies
  4 quasits
  3 bullfrog skeletons
  7 orc wizards
  Ijyb (D:3)
  5 iguanas
  6 worker ants
  Natasha (D:3)
  2 killer bee zombies
  A hound skeleton (D:11)
  A howler monkey skeleton (D:8)
  8 gnolls
  12 adders
  7 river rats (Sewer)
  4 shadow imps
  An ooze (D:4)
  An adder skeleton (D:7)
  3 dart slugs
  2 leopard geckos
  29 orcs
  5 giant cockroaches
  5 goblins
  5 hobgoblins
  11 jackals
  25 kobolds
  8 quokkas
  6 ball pythons
  3 bats
  5 frilled lizards
  A leopard gecko zombie (D:8)
  A quokka zombie (D:8)
  22 rats
  2 plants
341 creatures vanquished.

Vanquished Creatures (others)
  A slave (D:9)
  A plant (Lair:2)
2 creatures vanquished.

Grand Total: 343 creatures vanquished

Notes
Turn   | Place    | Note
-------+----------+-------------------------------------------
     0 | D:1      | Irenicus the Deep Dwarf Earth Elementalist began the quest
                  | for the Orb.
     0 | D:1      | Reached XP level 1. HP: 15/15 MP: 3/3
    65 | D:1      | Reached skill level 2 in Spellcasting
   243 | D:1      | Reached XP level 2. HP: 16/22 MP: 1/5
   306 | D:1      | Learned a level 2 spell: Passwall
   438 | D:2      | Reached skill level 5 in Earth Magic
   440 | D:2      | Reached XP level 3. HP: 28/28 MP: 1/6
   587 | D:2      | Reached skill level 6 in Earth Magic
   592 | D:2      | Learned a level 3 spell: Stone Arrow
   737 | D:2      | Found a glowing silver altar of Zin.
   785 | D:3      | Reached XP level 4. HP: 36/36 MP: 0/7
   995 | D:3      | Found a glowing drain.
  1000 | Sewer    | Entered a sewer
  1047 | Sewer    | Noticed a big kobold
  1058 | Sewer    | Killed a big kobold
  1058 | Sewer    | Reached skill level 7 in Earth Magic
  1058 | Sewer    | Reached XP level 5. HP: 35/42 MP: 0/8
  1128 | Sewer    | Reached skill level 8 in Earth Magic
  1355 | Sewer    | HP: 8/42 [kobold/whip (3)]
  1370 | Sewer    | Got a topaz-encrusted ring mail
  1441 | D:3      | HP: 6/42 [leopard gecko (2)]
  1546 | D:3      | Noticed Natasha
  1549 | D:3      | Killed Natasha
  1549 | D:3      | Reached XP level 6. HP: 25/49 MP: 6/9
  1605 | D:3      | Reached skill level 9 in Earth Magic
  1728 | D:3      | Noticed Ijyb
  1738 | D:3      | Killed Ijyb
  1754 | D:3      | Identified the cursed +0 ring mail of Lucidity {+Inv} (You
                  | found it in a sewer)
  2038 | D:4      | Noticed Sigmund
  2044 | D:4      | HP: 5/49 [something (8)]
  2049 | D:4      | Killed Sigmund
  2049 | D:4      | Reached skill level 10 in Earth Magic
  2049 | D:4      | Reached XP level 7. HP: 39/55 MP: 0/10
  2131 | D:4      | Found Nudajetits's Distillery.
  2266 | D:4      | Learned a level 4 spell: Petrify
  2283 | D:4      | Reached skill level 1 in Transmutations
  2364 | D:4      | Reached skill level 11 in Earth Magic
  2370 | D:4      | Reached skill level 2 in Transmutations
  2430 | D:4      | HP: 9/55 [orc priest/divine providence (11)]
  2439 | D:4      | HP: 13/55 [orc priest/divine providence (10)]
  2486 | D:4      | Reached skill level 1 in Axes
  2498 | D:5      | Entered Level 5 of the Dungeon
  2514 | D:5      | Reached skill level 2 in Axes
  2543 | D:5      | Found a hazy altar of Hepliaklqana.
  2738 | D:5      | Reached XP level 8. HP: 29/62 MP: 4/11
  2784 | D:5      | Noticed Prince Ribbit
  2788 | D:5      | Killed Prince Ribbit
  2788 | D:5      | Reached skill level 4 in Axes
  2790 | D:5      | HP: 14/62 [orc/short sword (4)]
  2978 | D:6      | HP: 14/62 [orc/flail (5)]
  2986 | D:6      | HP: 12/62 [orc/flail (2)]
  2996 | D:6      | Found a burning altar of Makhleb.
  2999 | D:6      | Became a worshipper of Makhleb the Destroyer
  3024 | D:6      | Reached skill level 5 in Axes
  3187 | D:6      | Found a shimmering altar of Xom.
  3209 | D:6      | Found a sparkling altar of Nemelex Xobeh.
  3288 | D:6      | Found a bloodstained altar of Trog.
  3336 | D:7      | Noticed Duvessa
  3337 | D:7      | Noticed Dowan
  3345 | D:7      | Reached skill level 13 in Axes
  3345 | D:7      | Gained mutation: You passively map the area around you.
                  | [Deep Dwarf growth]
  3345 | D:7      | Reached XP level 9. HP: 19/68 MP: 12/12
  3349 | D:7      | Killed Dowan
  3353 | D:7      | HP: 21/102 [Duvessa/enchanted short sword (5)]
  3354 | D:7      | Killed Duvessa
  3368 | D:7      | HP: 13/68 [water moccasin (1)]
  3506 | D:7      | Found a deep blue altar of Sif Muna.
  3549 | D:7      | Found a staircase to the Ecumenical Temple.
  3751 | D:8      | Reached skill level 1 in Fighting
  3759 | D:8      | Reached skill level 14 in Axes
  3777 | D:7      | Found an ancient bone altar of Kikubaaqudgha.
  3781 | D:7      | Found a radiant altar of Vehumet.
  3790 | D:7      | Reached * piety under Makhleb
  3997 | D:8      | Reached skill level 2 in Fighting
  4023 | D:8      | Noticed a komodo dragon
  4025 | D:8      | Noticed a centaur warrior
  4031 | D:8      | HP: 14/74 [komodo dragon (27)]
  4045 | D:8      | Killed a komodo dragon
  4045 | D:8      | Reached XP level 10. HP: 44/82 MP: 3/13
  4058 | D:8      | Killed a centaur warrior
  4058 | D:8      | Reached skill level 3 in Fighting
  4066 | D:8      | HP: 21/84 [acid (2)]
  4081 | D:8      | HP: 12/84 [acid (14)]
  4148 | D:8      | HP: 15/85 [bullfrog (5)]
  4183 | D:8      | Noticed a two-headed ogre
  4251 | D:8      | Reached skill level 4 in Fighting
  4283 | D:8      | Noticed a two-headed ogre
  4294 | D:8      | Killed a two-headed ogre
  4294 | D:8      | Reached skill level 3 in Evocations
  4299 | D:8      | Reached skill level 4 in Evocations
  4318 | D:8      | Reached ** piety under Makhleb
  4323 | D:8      | Found a staircase to the Lair.
  4374 | D:8      | Killed a two-headed ogre
  4374 | D:8      | Reached skill level 6 in Evocations
  4451 | D:8      | Reached skill level 7 in Evocations
  4460 | D:8      | Noticed Joseph
  4477 | D:8      | Killed Joseph
  4477 | D:8      | Reached XP level 11. HP: 86/92 MP: 4/15
  4516 | D:8      | Irenicus: ?? stab
  4516 | D:8      | beem: stabbing[1/5]: A stab with a short blade does
                  | increased damage: (dam+bonus)*mult, where bonus depends on
                  | your dex as well as your stealth and weapon skills and is
                  | capped at 30, and mult depends on your stealth/weapon
                  | skills and the type of stab (sleep/paralysis is best).
                  | Non-short blades don't get a bonus and have lower mult.
                  | Daggers get bonus doubled (but still capped at 30).
  4526 | D:9      | Noticed Harold
  4546 | D:9      | Killed Harold
  4546 | D:9      | Reached skill level 15 in Axes
  4639 | D:9      | Noticed Maurice
  4655 | D:9      | Killed Maurice
  4679 | D:9      | Found a blossoming altar of Fedhas.
  4696 | D:9      | Reached skill level 3 in Transmutations
  4886 | D:9      | Noticed Pikel
  4921 | D:9      | Killed Pikel
  5098 | D:9      | Reached skill level 4 in Transmutations
  5251 | D:10     | Entered Level 10 of the Dungeon
  5283 | D:10     | Found Gaxkiewa's Assorted Antiques.
  5304 | D:10     | Bought a hardcover book for 450 gold pieces
  5321 | D:10     | Reached *** piety under Makhleb
  5393 | D:10     | Irenicus: ?? petrify
  5393 | D:10     | beem: petrify[1/5]: Turns the target to stone after a brief
                  | period of slowness. While it's petrified it takes a lot
                  | less damage but can't do anything. Lv. 4 Tmut/Earth, in the
                  | books of Hinderance, Geomancy, and Alchemy.
  5503 | D:10     | Reached skill level 3 in Spellcasting
  5540 | D:10     | Noticed Sonja
  5550 | D:10     | Killed Sonja
  5679 | D:11     | Found a staircase to the Orcish Mines.
  5700 | D:11     | Noticed a purple ugly thing
  5712 | D:11     | Noticed an unseen horror
  5722 | D:11     | Killed a purple ugly thing
  5722 | D:11     | Reached skill level 4 in Spellcasting
  5735 | D:11     | Killed an unseen horror
  5762 | D:11     | Noticed Josephine
  5771 | D:11     | Reached skill level 16 in Axes
  5783 | D:11     | HP: 23/92 [wraith[Josephine] (8)]
  5784 | D:11     | Noticed Psyche
  5785 | D:11     | HP: 8/92 [Josephine/vampiric draining (24)]
  5798 | D:11     | HP: 20/138 [Psyche/dagger of chaos (17)]
  5802 | D:11     | Killed Psyche
  5804 | D:11     | Killed Josephine
  5804 | D:11     | Reached XP level 12. HP: 49/99 MP: 8/18
  5810 | D:11     | Reached skill level 5 in Spellcasting
  5882 | D:11     | Reached **** piety under Makhleb
  5947 | D:11     | Irenicus: ?? stab [2
  5947 | D:11     | beem: stabbing[2/5]: If you are using short blades, stab
                  | damage bonus is (DEX * (((stealth skill + sblade skill) /
                  | 2) + 1)) / 5, halved if you are not wielding a dagger, and
                  | then put through a stepdown function: halve the part over
                  | 10, then halve the part over 20, then cap at 30.
  5947 | D:11     | Irenicus: ?? stab [3
  5947 | D:11     | beem: stabbing[3/5]: For short/long blades and one-handed
                  | polearms, stab damage gets a bonus multiplier of (10 +
                  | ((stealth skill + weapon skill) / 2) / ({stab bonus} + 2
                  | (if using a long blade or one-handed polearm))) / 10
  5947 | D:11     | Irenicus: ?? stab [4
  5947 | D:11     | beem: stabbing[4/5]: Finally, stab damage gets an
                  | additional bonus multiplier of (12 + ((stealth skill +
                  | weapon skill) / 2) / {stab bonus}) / 12 for all weapons.
  6044 | D:11     | Reached skill level 3 in Stealth
  6293 | D:8      | Reached skill level 4 in Stealth
  6320 | Lair:1   | Entered Level 1 of the Lair of Beasts
  6438 | Lair:1   | Reached skill level 3 in Dodging
  6569 | Lair:1   | Learned a level 2 spell: Blink
  6575 | Lair:1   | Learned a level 5 spell: Lee's Rapid Deconstruction
  6579 | Lair:1   | Reached skill level 1 in Shields
  6579 | Lair:1   | Reached skill level 6 in Spellcasting
  6823 | Lair:2   | Reached skill level 2 in Shields
  6838 | Lair:2   | Reached skill level 3 in Shields
  6987 | Lair:2   | Reached skill level 4 in Shields
  7103 | Lair:2   | Reached skill level 7 in Spellcasting
  7194 | Lair:2   | Found a labyrinth entrance.
  7201 | Lab      | Entered a labyrinth
  7463 | Lab      | Noticed a minotaur
  7465 | Lab      | HP: 21/99 [minotaur/javelin of returning (25)]
  7481 | Lab      | HP: 28/148 [minotaur/broad axe of venom (14)]
  7484 | Lab      | HP: 4/148 [minotaur/broad axe of venom (22)]
  7484 | Lab      | Slain by a minotaur

Skill      XL: |  1  2  3  4  5  6  7  8  9 10 11 12 |
---------------+-------------------------------------+-----
Spellcasting   | 2 4 7 |  7.4
Earth Magic    | 5 6 7 8 10 11 | 11.3
Transmutations | 2 4 |  4.0
Axes           | 2 13 14 16 | 16.4
Fighting       | 2 4 |  4.0
Evocations     | 7 |  7.0
Stealth        | 4 |  4.2
Dodging        | 3 |  3.2
Shields        | 4 |  4.2

Action                   |  1- 3 |  4- 6 |  7- 9 | 10-12 || total
-------------------------+-------+-------+-------+-------++-------
Melee: Whip              |    31 |       |       |       ||    31
       Short sword       |     4 |   107 |    17 |       ||   128
       War axe           |       |       |   151 |   692 ||   843
 Cast: Sandblast         |    31 |    34 |    43 |    33 ||   141
       Passwall          |     1 |     6 |    14 |    31 ||    52
       Stone Arrow       |     4 |    16 |    34 |    27 ||    81
       Petrify           |       |       |       |    27 ||    27
       Lee's Rapid Decon |       |       |       |     7 ||     7
       Blink             |       |       |       |     1 ||     1
 Abil: Heal Wounds       |       |       |     1 |     5 ||     6
       Evoke Berserk Rag |       |       |     1 |     4 ||     5
Evoke: Wand              |       |     5 |    13 |    13 ||    31
  Use: Scroll            |     5 |     3 |     7 |     5 ||    20
       Potion            |     1 |     4 |     8 |     6 ||    19
 Stab: Sleeping          |     1 |     3 |     1 |     3 ||     8
       Invisible         |       |       |       |     3 ||     3
       Petrified         |       |       |       |    49 ||    49
       Paralysed         |       |       |       |     4 ||     4
       Petrifying        |       |       |       |     9 ||     9
       Distracted        |       |       |       |     2 ||     2
  Eat: Chunk             |       |     7 |     3 |    13 ||    23
       Ration            |       |       |     4 |     4 ||     8
Armor: Robe              |     2 |       |       |       ||     2
       Leather armour    |     9 |    37 |    80 |   127 ||   253
       Ring mail         |       |     5 |     9 |       ||    14
       Skin              |       |       |     4 |    49 ||    53
       Steam dragon scal |       |       |       |   111 ||   111
Dodge: Dodged            |    27 |    83 |   136 |   396 ||   642
Block: Buckler           |       |       |       |    26 ||    26

Vault maps used:
D:1:      minmay_arrival_checkered_box, grunt_decor_resistance
D:2:      overflow_temple_1_default, grunt_ministairs_4
D:3:      gup_sewer_entry_spiral, uniq_ijyb, uniq_natasha
D:4:      first_ration, serial_shops, nicolae_shop_stone, uniq_sigmund
D:5:      overflow_temple_1_default, nicolae_ru_the_path_less_chosen,
          uniq_prince_ribbit1
D:6:      lightli_temple_of_fire, kennysheep_mini,
          lemuel_coloured_pillars_altar, kennysheep_little_box
D:7:      tgw_sif, grunt_temple_overflow_open, minmay_temple_entry_mist,
          uniq_duvessa
D:8:      minmay_the_grid_plus, erik_lair_orcish_takeover, uniq_joseph
D:9:      basic_altar, uniq_maurice, uniq_pikel, uniq_harold
D:10:     serial_shops, nicolae_shop_overgrown_old_shop, uniq_sonja
D:11:     orc_0_dummy, corexii_checkpoint_a, grunt_tengu_nest, uniq_psyche,
          uniq_josephine
Lair:1:   serial_bayou_shore_b, minmay_lair_oklob_chamber
Lair:2:   lab_entry_generic, grunt_megastairs_1
Lab:      labyrinth_spiral
Sewer:    sewer_minmay_treatment

Table legend:
 A = Turns spent in this place as a percentage of turns spent in the entire game.
 B = Non-inter-level travel turns spent in this place as a percentage of non-inter-level travel turns spent in the entire game.
 C = Inter-level travel turns spent in this place as a percentage of turns spent in this place.
 D = Turns resting spent in this place as a percentage of non-inter-level travel turns spent in this place.
 E = Turns spent auto-exploring this place as a percentage of non-inter-level travel turns spent in this place.
 F = Non-inter-level travel turns spent in this place divided by the number of levels of this place that you've seen.
                   A       B       C       D       E      F
               +-------+-------+-------+-------+-------+----------------------
         Total | 100.0 | 100.0 |   0.7 |   0.6 |   0.0 | 495.4
       Dungeon |  78.8 |  78.9 |   0.7 |   0.8 |   0.0 | 532.9
          Lair |  11.8 |  11.7 |   1.6 |   0.0 |   0.0 | 433.5
     Labyrinth |   3.8 |   3.8 |   0.0 |   0.0 |   0.0 | 283.0
         Sewer |   5.6 |   5.6 |   0.0 |   0.0 |   0.0 | 419.0
               +-------+-------+-------+-------+-------+----------------------

Table legend:
 A = Kills in this place as a percentage of kills in entire the game.
 B = Kills by you in this place as a percentage of kills by you in the entire game.
 C = Kills by friends in this place as a percentage of kills by friends in the entire game.
 D = Other kills in this place as a percentage of other kills in the entire game.
 E = Experience gained in this place as a percentage of experience gained in the entire game.
 F = Experience gained in this place divided by the number of levels of this place that you have seen.
                   A       B       C       D       E      F
               +-------+-------+-------+-------+-------+----------------------
         Total | 100.0 | 100.0 |   N/A |   N/A | 100.0 | 2184.7
       Dungeon |  76.0 |  76.0 |   N/A |   N/A |  73.5 | 2189.8
          Lair |   9.8 |   9.8 |   N/A |   N/A |  25.8 | 4220.0
         Sewer |  14.2 |  14.2 |   N/A |   N/A |   0.7 | 243.0
               +-------+-------+-------+-------+-------+----------------------
